Map: 시뮬레이크럼 - 래더

Players

Armani

  • Race: Zerg Zerg
  • League: Grandmaster
  • Spawn Location: 11:00

soO - Winner!

  • Race: Zerg Zerg
  • Spawn Location: 5:00

VOD

Have the link to the VOD?

Description

Time

  • Played on: Jan. 16, 2020, 4:30 a.m.
  • Length: 13:10
Show
View Real Time Build Order
Export as new Build Order

Armani Zerg 

Build Orders: Hatch First, Muta Ling Bane 

Get SALT Encoding   

  12  0:00  Drone  
  13  0:12  Overlord  
  13  0:16  Drone  
  14  0:31  Drone  
  14  0:32  Drone  
  16  0:50  Hatchery  
  16  0:53  Drone  
  16  0:56  Drone  
  17  0:59  Drone  
  18  1:10  Extractor  
  17  1:14  Spawning Pool  
  17  1:17  Drone  
  17  1:21  Drone  
  18  1:28  Drone  
  19  1:41  Drone  
  20  1:51  Overlord  
  20  2:01  Queen  
  20  2:02  Queen  
  20  2:03  Drone x2  
  26  2:11  Metabolic Boost  
  26  2:15  Drone x2  
  28  2:24  Drone x2  
  30  2:34  Hatchery  
  29  2:38  Drone  
  29  2:42  Drone  
  31  2:45  Drone  
  31  2:49  Drone  
  33  2:55  Zergling x2  
  33  2:56  Baneling Nest  
  33  2:57  Overlord  
  33  3:04  Zergling x2  
  34  3:06  Drone  
  34  3:08  Drone  
  34  3:10  Evolution Chamber  
  35  3:16  Drone x4  
  35  3:19  Zergling x4  
  41  3:27  Overlord  
  41  3:28  Drone  
  42  3:38  Zerg Melee Weapons Level 1  
  42  3:40  Drone x2  
  44  3:47  Baneling  
  43  3:48  Queen  
  43  3:49  Zergling x2  
  43  3:51  Drone x2  
  43  3:52  Drone x2  
  43  3:54  Extractor  
  49  3:57  Zergling x2  
  49  3:58  Drone  
  49  4:02  Drone  
  52  4:07  Zergling x8  
  53  4:20  Lair  
  53  4:21  Zergling x8  
  53  4:23  Overlord  
  57  4:27  Overlord  
  57  4:28  Overlord  
  57  4:35  Roach Warren  
  57  4:36  Drone  
  57  4:37  Extractor  
  56  4:38  Extractor  
  56  4:41  Drone x3  
  58  4:47  Drone x2  
  58  4:49  Baneling x2  
  58  4:51  Drone  
  61  4:57  Zergling x2  
  61  4:58  Zergling x14  
  61  4:59  Overlord  
  69  5:01  Drone  
  69  5:02  Drone  
  69  5:05  Drone  
  72  5:13  Drone  
  72  5:14  Drone  
  72  5:16  Overlord  
  72  5:18  Overlord  
  73  5:24  Drone  
  73  5:25  Spire  
  73  5:26  Extractor, Drone  
  72  5:29  Drone x2  
  72  5:34  Zergling x10  
  78  5:45  Zergling x2  
  78  5:46  Zergling x6  
  78  5:47  Overseer  
  78  5:48  Overlord  
  81  5:52  Drone x3  
  81  5:53  Extractor  
  83  6:07  Zergling x2  
  83  6:08  Zergling x12  
  90  6:12  Overlord  
  90  6:17  Overlord  
  88  6:24  Overlord  
  83  6:32  Drone  
  84  6:37  Mutalisk  
  84  6:38  Mutalisk x8  
  104  6:43  Zerg Flyer Weapons Level 1  
  101  6:52  Drone x4  
  104  6:55  Overseer  
  104  6:56  Mutalisk  
  104  6:59  Zerg Melee Weapons Level 2  
  104  7:05  Mutalisk  
  104  7:06  Mutalisk  
  104  7:08  Drone x7  
  115  7:12  Zergling x4  
  107  7:17  Mutalisk x2  
  107  7:21  Drone  
  112  7:28  Hatchery, Drone  
  112  7:29  Drone  
  113  7:35  Overlord  
  113  7:40  Mutalisk x2  
  113  7:44  Mutalisk  
  117  7:45  Overlord  
  117  7:49  Zergling x8  
  121  7:54  Centrifical Hooks  
  121  7:58  Mutalisk x2  
  121  8:00  Overlord x2  
  121  8:03  Drone x2  
  121  8:04  Drone x2  
  121  8:05  Drone  
  130  8:06  Drone  
  130  8:08  Drone x2  
  133  8:15  Mutalisk  
  133  8:17  Mutalisk  
  133  8:19  Overlord  
  136  8:20  Extractor  
  136  8:21  Extractor  
  136  8:22  Drone x2  
  136  8:26  Drone x2, Infestation Pit  
  137  8:31  Hatchery  
  136  8:44  Drone, Queen  
  139  8:50  Zergling x2  
  139  8:51  Zergling x20  
  150  8:56  Baneling x5  
  150  8:57  Zergling x6  
  153  9:04  Hive  
  153  9:15  Zerg Ground Armor Level 1  
  134  9:22  Mutalisk x8  
  136  9:31  Zergling x2  
  136  9:32  Zergling x26  
  136  9:35  Drone  
  151  9:44  Zergling x8  
  153  9:49  Baneling x9  
  153  9:50  Baneling  
  153  9:51  Zergling x2, Baneling x11  
  154  9:53  Overlord  
  154  9:59  Zergling x6  
  157  10:02  Overlord  
  157  10:03  Overlord  
  125  10:16  Zergling x24  
  125  10:17  Zergling x6  
  125  10:21  Mutalisk x2  
  121  10:27  Mutalisk x3  
  121  10:28  Baneling x5  
  129  10:32  Zergling x4  
  129  10:33  Queen  
  125  10:42  Drone  
  121  10:44  Drone x4  
  121  10:49  Zergling x6  
  121  10:51  Adrenal Glands  
  121  10:52  Drone  
  120  11:00  Zergling x6  
  123  11:04  Ultralisk Cavern, Zergling x10  
  123  11:05  Overlord  
  123  11:13  Overlord  
  121  11:23  Drone  
  121  11:24  Drone x7  
  125  11:32  Hatchery  
  123  11:40  Drone  
  124  11:48  Baneling x5  
  124  11:50  Chitinous Plating  
  124  11:51  Ultralisk x2  
  124  11:53  Zergling x2  
  124  11:54  Zergling x4  
  139  11:55  Overseer  
  139  11:57  Baneling  
  139  11:58  Baneling x7  
  139  11:59  Baneling  
  139  12:02  Pneumatized Carapace  
  139  12:04  Drone  
  139  12:05  Extractor, Drone x2  
  134  12:18  Ultralisk  
  134  12:20  Zergling x6  
  134  12:21  Overlord x3  
  134  12:22  Baneling x5  
  143  12:24  Overlord  
  139  12:35  Zergling x8  
  143  12:39  Baneling x5  
  143  12:42  Zergling x4  
  143  12:43  Zergling x16  
  153  12:49  Overseer  
Show
View Real Time Build Order
Export as new Build Order

soO Zerg - Winner!

Build Orders: Hatch First, Lurkers, Roach Hydra 

Get SALT Encoding   

  12  0:00  Drone  
  13  0:12  Overlord  
  13  0:17  Drone  
  14  0:30  Drone x2  
  16  0:47  Hatchery  
  15  0:51  Drone  
  15  0:54  Drone  
  17  0:57  Drone  
  18  1:08  Extractor  
  17  1:13  Spawning Pool  
  17  1:16  Drone  
  17  1:19  Drone  
  18  1:28  Drone  
  19  1:38  Drone  
  20  1:49  Overlord  
  20  2:00  Zergling x2, Queen x2  
  25  2:02  Drone  
  26  2:11  Drone x2, Metabolic Boost  
  28  2:21  Drone x2  
  30  2:33  Hatchery  
  30  2:36  Drone  
  30  2:39  Drone  
  31  2:44  Drone  
  31  2:45  Drone  
  33  2:53  Baneling Nest  
  33  2:54  Overlord  
  33  2:56  Drone  
  33  3:01  Queen  
  35  3:07  Drone  
  36  3:13  Drone  
  36  3:15  Zergling x8  
  36  3:18  Drone  
  42  3:21  Overlord  
  42  3:28  Drone  
  42  3:30  Drone  
  44  3:35  Evolution Chamber  
  44  3:36  Drone  
  44  3:40  Drone  
  44  3:41  Drone x2  
  46  3:42  Baneling x2  
  46  3:43  Drone  
  46  3:45  Drone  
  46  3:46  Drone  
  50  3:49  Zergling x2  
  51  4:01  Drone  
  52  4:03  Drone x2  
  52  4:04  Zerg Missile Weapons Level 1  
  52  4:07  Overlord  
  52  4:08  Drone  
  54  4:10  Zergling x2, Drone  
  54  4:11  Extractor  
  54  4:15  Drone  
  56  4:18  Drone  
  56  4:20  Drone  
  56  4:21  Overlord  
  56  4:22  Overlord  
  57  4:25  Baneling x2  
  57  4:26  Roach Warren  
  57  4:29  Zergling x6  
  57  4:30  Overlord  
  59  4:32  Zergling x4  
  61  4:41  Lair  
  61  4:42  Drone x2  
  61  4:43  Drone x2  
  65  4:47  Drone  
  65  4:51  Extractor  
  65  4:52  Drone x3  
  68  4:54  Zergling x2  
  68  4:56  Drone x2, Overlord  
  68  4:57  Drone  
  68  4:58  Drone  
  73  5:02  Drone x2  
  73  5:06  Extractor  
  74  5:09  Drone  
  74  5:13  Drone  
  76  5:14  Drone x2  
  76  5:15  Extractor  
  76  5:16  Drone  
  76  5:18  Drone x2  
  80  5:21  Drone  
  80  5:23  Drone x2  
  83  5:29  Drone x3  
  86  5:36  Drone x2  
  86  5:39  Roach  
  86  5:41  Overlord  
  90  5:44  Extractor  
  90  5:45  Glial Reconstitution  
  90  5:46  Overlord  
  90  5:47  Drone, Pneumatized Carapace  
  90  5:49  Evolution Chamber  
  89  5:50  Overseer, Drone  
  89  5:55  Roach x2  
  89  5:56  Roach x2  
  98  5:59  Roach  
  98  6:00  Zerg Missile Weapons Level 2, Overlord  
  98  6:01  Overlord  
  99  6:06  Overlord  
  99  6:08  Overlord  
  99  6:09  Baneling, Overlord  
  99  6:17  Roach x4  
  106  6:22  Hatchery, Roach x2  
  106  6:24  Roach x4  
  116  6:30  Overlord x2  
  116  6:36  Queen x2  
  118  6:40  Queen  
  118  6:41  Overlord  
  117  6:50  Roach x2  
  117  6:53  Overlord  
  119  6:55  Drone, Infestation Pit  
  119  6:56  Spore Crawler x2  
  117  7:02  Spore Crawler x2  
  116  7:08  Drone  
  116  7:12  Spore Crawler, Drone  
  116  7:13  Queen  
  117  7:15  Queen  
  117  7:20  Drone  
  117  7:21  Drone x2  
  122  7:26  Spore Crawler  
  121  7:32  Spore Crawler  
  121  7:33  Spore Crawler, Hive  
  121  7:34  Overlord  
  119  7:38  Overlord  
  119  7:41  Drone  
  119  7:43  Drone x2  
  119  7:44  Hydralisk Den, Drone  
  123  7:46  Spore Crawler  
  123  7:49  Spore Crawler  
  123  7:51  Queen  
  121  7:52  Drone  
  121  7:53  Drone  
  125  8:02  Drone  
  125  8:04  Queen  
  128  8:07  Spore Crawler  
  128  8:12  Drone x2  
  128  8:16  Zerg Ground Armor Level 1  
  128  8:19  Hydralisk  
  128  8:20  Grooved Spines, Hydralisk x8  
  142  8:29  Lurker Den  
  142  8:32  Roach x5  
  149  8:40  Roach  
  149  8:46  Viper x3  
  158  8:57  Overlord  
  158  8:58  Ravager  
  158  8:59  Overseer  
  158  9:01  Drone  
  159  9:07  Roach  
  159  9:09  Overlord  
  151  9:24  Hydralisk x8  
  145  9:25  Roach x2  
  159  9:34  Hydralisk x2  
  159  9:35  Roach x4  
  171  9:44  Roach  
  171  9:45  Roach x2  
  177  9:47  Overlord  
  177  9:48  Overlord  
  177  9:49  Overlord  
  177  9:50  Hatchery  
  176  9:57  Overlord, Muscular Augments  
  172  10:04  Hydralisk, Overlord x2  
  170  10:11  Roach x2  
  170  10:12  Roach x2  
  170  10:13  Hydralisk x3  
  150  10:14  Roach x3  
  150  10:16  Hydralisk  
  150  10:19  Hydralisk  
  144  10:31  Hydralisk  
  144  10:32  Hydralisk x2  
  144  10:35  Hydralisk  
  144  10:36  Hydralisk x2  
  144  10:38  Viper  
  144  10:40  Hydralisk x2  
  149  10:46  Hydralisk  
  137  10:52  Hydralisk x2  
  137  10:57  Hydralisk  
  139  11:05  Drone  
  139  11:10  Drone x4  
  136  11:20  Roach x6  
  145  11:40  Hatchery  
  145  11:42  Spore Crawler, Hydralisk x2  
  145  11:43  Hydralisk x2  
  145  11:44  Roach x2  
  153  11:51  Lurker x3  
  153  11:52  Lurker  
  153  11:53  Spore Crawler  
  156  11:57  Drone  
  156  12:00  Roach x6  
  156  12:18  Hydralisk x2  
  156  12:19  Hydralisk  
  156  12:20  Roach x2  
  156  12:21  Extractor  
  156  12:22  Extractor  
  166  12:31  Roach x2  
  166  12:32  Roach  
  166  12:35  Hydralisk  
  166  12:37  Hatchery  
  173  12:44  Roach  
Tags
 
Add a new tag
Caveats
  • Supply blocks, unpowered buildings, or Contaminate may cause inaccurate times.
  • Supply counts are checked every 10 seconds.